AAA
NEW ORLEANS BABY CAKES @ EVANSVILLE TRIPLETS
07/17/2052
 
TOP OF THE 1ST
New Orleans Baby Cakes batting - Pitching for Inland Empire 66ers : RHP Paul Iglesias
Pitching: RHP Paul Iglesias
Batting: RHB Adam Wood 0-0: Ball
1-0: Ball
2-0: Foul Ball, location: 2F
2-1: Swinging Strike
2-2: Strikes out looking
Batting: LHB Donald Vang 0-0: Ball
1-0: Foul Ball, location: 2F
1-1: Foul Ball, location: 2F
1-2: Fly out, F3 (Line Drive, 3, EV 71.2 MPH)
Batting: RHB Jeremy Campbell 0-0: SINGLE (Line Drive, 89M, EV 100.0 MPH)
Batting: RHB Dilan Pérez 0-0: Ball
1-0: Foul Ball, location: 2F
1-1: Foul Ball, location: 2F
1-2: Ball
2-2: Ball
3-2: Ground out 5-3 (Groundball, 56, EV 104.4 MPH)
Top of the 1st over - 0 runs, 1 hit, 0 errors, 1 left on base; New Orleans 0 - Inland Empire 0
BOTTOM OF THE 1ST
Inland Empire 66ers batting - Pitching for New Orleans Baby Cakes : LHP Gabe Kassels
Pitching: LHP Gabe Kassels
Batting: RHB Pedro Polanco 0-0: Foul Ball, location: 2F
0-1: Foul Ball, location: 2F
0-2: Ball
1-2: Ball
2-2: Ball
3-2: Foul Ball, location: 2F
3-2: Foul Ball, location: 2F
3-2: DOUBLE (Line Drive, 9LD, EV 101.9 MPH)
Batting: LHB Rico Aponte 0-0: SINGLE (Line Drive, 8LS, EV 94.4 MPH)
Pedro Polanco to third
Batting: RHB Edison Torre 0-0: Fielders Choice at 2nd, 6-4 (Groundball, 6, EV 85.6 MPH)
Pedro Polanco scores
Batting: LHB Kerry Pietrzak 0-0: Swinging Strike
0-1: Ball
1-1: Swinging Strike
1-2: Ball
2-2: Foul Ball, location: 2F
2-2: Foul Ball, location: 2F
2-2: Ball
3-2: Strikes out swinging
Batting: SHB Ricky Larson 0-0: Foul Ball, location: 2F
0-1: Called Strike
0-2: Ball
1-2: Ball
2-2: Ground out 5-3 (Groundball, 56S, EV 78.8 MPH)
Bottom of the 1st over - 1 run, 2 hits, 0 errors, 1 left on base; New Orleans 0 - Inland Empire 1
TOP OF THE 2ND
New Orleans Baby Cakes batting - Pitching for Inland Empire 66ers : RHP Paul Iglesias
Batting: LHB Ronald Schumann 0-0: Ball
1-0: Called Strike
1-1: Called Strike
1-2: Ball
2-2: SINGLE (Groundball, 56D, EV 100.0 MPH)
Batting: RHB Aaron Collins 0-0: Ball
1-0: SINGLE (Groundball, 56D, EV 98.1 MPH)
Ronald Schumann to second
Batting: SHB Thacher Baker 0-0: Ball
1-0: Ball
2-0: Fly out, F8 (Flyball, 8LS, EV 87.5 MPH)
Batting: RHB Elmo Oxford 0-0: Ball
1-0: Fly out, F8 (Flyball, 8RD, EV 92.5 MPH)
Batting: RHB Ryan Wong 0-0: Ball
1-0: Ball
2-0: Ball
3-0: Called Strike
3-1: Fly out, F8 (Flyball, 89D, EV 95.6 MPH)
Top of the 2nd over - 0 runs, 2 hits, 0 errors, 2 left on base; New Orleans 0 - Inland Empire 1
BOTTOM OF THE 2ND
Inland Empire 66ers batting - Pitching for New Orleans Baby Cakes : LHP Gabe Kassels
Batting: RHB Vernon Carter 0-0: Ball
1-0: Swinging Strike
1-1: Called Strike
1-2: Ball
2-2: Foul Ball, location: 2F
2-2: Strikes out swinging
Batting: RHB Roderick Buckland 0-0: Ball
1-0: SINGLE (Groundball, 6MD, EV 96.2 MPH)
Batting: RHB Alex Johnson 0-0: Fly out, F7 (Flyball, 78M, EV 86.9 MPH)
Batting: RHB Rudy Ryzak 0-0: Called Strike
0-1: Fly out, F7 (Line Drive, 7S, EV 95.0 MPH)
Bottom of the 2nd over - 0 runs, 1 hit, 0 errors, 1 left on base; New Orleans 0 - Inland Empire 1
TOP OF THE 3RD
New Orleans Baby Cakes batting - Pitching for Inland Empire 66ers : RHP Paul Iglesias
Batting: RHB Adam Wood 0-0: TRIPLE (Line Drive, 78XD, EV 110.0 MPH)
Batting: LHB Donald Vang 0-0: Ball
1-0: Ball
2-0: Foul Ball, location: 2F
2-1: Foul Ball, location: 2F
2-2: Ball
3-2: Fly out, F7 (Line Drive, 78D, EV 93.1 MPH)
Runner from 3rd tags up, SCORES, no throw by LF
Batting: RHB Jeremy Campbell 0-0: Called Strike
0-1: Foul Ball, location: 2F
0-2: Ball
1-2: Ball
2-2: Foul Ball, location: 2F
2-2: Ball
3-2: Foul Ball, location: 2F
3-2: Ground out 6-3 (Groundball, 6, EV 88.8 MPH)
Batting: RHB Dilan Pérez 0-0: Called Strike
0-1: Ground out 6-3 (Groundball, 6S, EV 83.8 MPH)
Top of the 3rd over - 1 run, 1 hit, 0 errors, 0 left on base; New Orleans 1 - Inland Empire 1
BOTTOM OF THE 3RD
Inland Empire 66ers batting - Pitching for New Orleans Baby Cakes : LHP Gabe Kassels
Batting: RHB Pedro Polanco 0-0: Ball
1-0: Called Strike
1-1: Fly out, F8 (Flyball, 8LD, EV 101.9 MPH)
Batting: LHB Rico Aponte 0-0: Foul Ball, location: 2F
0-1: Swinging Strike
0-2: Foul Ball, location: 2F
0-2: Ball
1-2: Ball
2-2: Strikes out swinging
Batting: RHB Edison Torre 0-0: Ball
1-0: Fly out, F9 (Flyball, 9, EV 97.5 MPH)
Bottom of the 3rd over - 0 runs, 0 hits, 0 errors, 0 left on base; New Orleans 1 - Inland Empire 1
TOP OF THE 4TH
New Orleans Baby Cakes batting - Pitching for Inland Empire 66ers : RHP Paul Iglesias
Batting: LHB Ronald Schumann 0-0: Ball
1-0: Called Strike
1-1: Ball
2-1: Ball
3-1: Reached on error, E6 (Groundball, 6S, EV 70.0 MPH)
Batting: RHB Aaron Collins 0-0: Called Strike
0-1: Swinging Strike
0-2: Strikes out swinging
Batting: SHB Thacher Baker 0-0: Ball
1-0: Foul Ball, location: 2F
1-1: Foul Ball, location: 2F
1-2: Fielders Choice at 2nd, 4-6 (Groundball, 4, EV 83.1 MPH)
Batting: RHB Elmo Oxford 0-0: Ball
1-0: Ball
2-0: 2-RUN HOME RUN (Flyball, 9D, EV 96.2 MPH), Distance : 358 ft
Batting: RHB Ryan Wong 0-0: Ball
1-0: Called Strike
1-1: Swinging Strike
1-2: Ball
2-2: Foul Ball, location: 2F
2-2: Strikes out looking
Top of the 4th over - 2 runs, 1 hit, 1 error, 0 left on base; New Orleans 3 - Inland Empire 1
BOTTOM OF THE 4TH
Inland Empire 66ers batting - Pitching for New Orleans Baby Cakes : LHP Gabe Kassels
Batting: LHB Kerry Pietrzak 0-0: Ball
1-0: Ball
2-0: Ball
3-0: Called Strike
3-1: Foul Ball, location: 2F
3-2: Base on Balls
Batting: SHB Ricky Larson 0-0: Called Strike
0-1: Swinging Strike
0-2: Ball
1-2: Foul Ball, location: 2F
1-2: SINGLE (Line Drive, 89S, EV 111.2 MPH)
Kerry Pietrzak to second
Batting: RHB Vernon Carter 0-0: Ball
1-0: Ball
2-0: Ball
3-0: Called Strike
3-1: Called Strike
3-2: Foul Ball, location: 2F
3-2: Base on Balls
Kerry Pietrzak to third
Ricky Larson to second
Batting: RHB Roderick Buckland 0-0: Called Strike
0-1: Hit by Pitch
Kerry Pietrzak scores
Ricky Larson to third
Vernon Carter to second
Batting: RHB Alex Johnson 0-0: Ball
1-0: Ball
2-0: Ball
3-0: Foul Ball, location: 2F
3-1: Base on Balls
Ricky Larson scores
Vernon Carter to third
Roderick Buckland to second
Pitching: RHP Levi Holycross
Pinch Hitting: LHB Jaxson Clemons 0-0: Called Strike
0-1: Ball
1-1: Swinging Strike
1-2: Strikes out swinging
Batting: RHB Pedro Polanco 0-0: Ball
1-0: Called Strike
1-1: Ball
2-1: Ball
3-1: Called Strike
3-2: Base on Balls
Vernon Carter scores
Roderick Buckland to third
Alex Johnson to second
Batting: LHB Rico Aponte 0-0: Foul Ball, location: 2F
0-1: Ball
1-1: Swinging Strike
1-2: SINGLE (Groundball, 34D, EV 95.6 MPH)
Roderick Buckland scores
Alex Johnson to third
Pedro Polanco to second
Batting: RHB Edison Torre 0-0: Foul Ball, location: 2F
0-1: Ball
1-1: Ball
2-1: Fly out, F9 (Flyball, 9LM, EV 95.0 MPH)
Runner from 3rd tags up, OUT at HOME! 9-2
Bottom of the 4th over - 4 runs, 2 hits, 0 errors, 2 left on base; New Orleans 3 - Inland Empire 5
TOP OF THE 5TH
New Orleans Baby Cakes batting - Pitching for Inland Empire 66ers : RHP Paul Iglesias
Now at SS: Kyle Gehrke
Batting: RHB Adam Wood 0-0: Foul Ball, location: 2F
0-1: Foul Ball, location: 2F
0-2: SOLO HOME RUN (Flyball, 7D, EV 93.8 MPH), Distance : 362 ft
Batting: LHB Donald Vang 0-0: Called Strike
0-1: Ball
1-1: Called Strike
1-2: Ground out U3 (Groundball, 3, EV 96.2 MPH)
Batting: RHB Jeremy Campbell 0-0: Foul Ball, location: 2F
0-1: Foul Ball, location: 2F
0-2: Ball
1-2: SOLO HOME RUN (Flyball, 78XD, EV 98.8 MPH), Distance : 382 ft
Pitching: RHP Rango Roque
Batting: RHB Dilan Pérez 0-0: Ball
1-0: Called Strike
1-1: Swinging Strike
1-2: Fly out, F8 (Flyball, 8LS, EV 97.5 MPH)
Batting: LHB Ronald Schumann 0-0: Ball
1-0: SINGLE (Flyball, 89S, EV 88.1 MPH)
Batting: RHB Aaron Collins 0-0: Fly out, F7 (Flyball, 7D, EV 88.1 MPH)
Top of the 5th over - 2 runs, 3 hits, 0 errors, 1 left on base; New Orleans 5 - Inland Empire 5
BOTTOM OF THE 5TH
Inland Empire 66ers batting - Pitching for New Orleans Baby Cakes : RHP Levi Holycross
Batting: LHB Kerry Pietrzak 0-0: Ball
1-0: Ball
2-0: Foul Ball, location: 2F
2-1: Called Strike
2-2: Ball
3-2: TRIPLE (Groundball, 3L, EV 103.8 MPH)
Batting: SHB Ricky Larson 0-0: Ball
1-0: Ball
2-0: Foul Ball, location: 2F
2-1: Foul Ball, location: 2F
2-2: Foul Ball, location: 2F
2-2: Foul Ball, location: 2F
2-2: Ball
3-2: Base on Balls
Batting: RHB Vernon Carter 0-0: Ball
1-0: Ball
2-0: Ball
3-0: Base on Balls
Ricky Larson to second
Pitching: RHP Len Walz
Batting: RHB Roderick Buckland 0-0: Foul Ball, location: 2F
0-1: Ball
1-1: Swinging Strike
1-2: Strikes out swinging
Batting: RHB Alex Johnson 0-0: Ball
1-0: Foul Ball, location: 2F
1-1: Ball
2-1: Foul Ball, location: 2F
2-2: Fly out, F9 (Line Drive, 9, EV 100.6 MPH)
Runner from 3rd tags up, SCORES, throw by RF
Batting: RHB Kyle Gehrke 0-0: Ground out 4-3 (Groundball, 34, EV 91.2 MPH)
Bottom of the 5th over - 1 run, 1 hit, 0 errors, 2 left on base; New Orleans 5 - Inland Empire 6
TOP OF THE 6TH
New Orleans Baby Cakes batting - Pitching for Inland Empire 66ers : RHP Rango Roque
Batting: SHB Thacher Baker 0-0: Reached on error, E4 (Groundball, 4, EV 90.0 MPH)
Batting: RHB Elmo Oxford 0-0: Ball
1-0: DOUBLE (Line Drive, 9LM, EV 100.0 MPH)
Thacher Baker to third
Pinch Hitting: LHB Benny Garner 0-0: Called Strike
0-1: Ball
1-1: 3-RUN HOME RUN (Flyball, 7D, EV 95.6 MPH), Distance : 379 ft
Pitching: LHP Wilson McGuinness
Batting: RHB Adam Wood 0-0: Ball
1-0: Called Strike
1-1: Called Strike
1-2: Ball
2-2: Strikes out looking
Batting: LHB Donald Vang 0-0: Called Strike
0-1: SINGLE (Groundball, 6MD, EV 101.9 MPH)
Batting: RHB Jeremy Campbell 0-0: Swinging Strike
0-1: Ball
1-1: Foul Ball, location: 2F
1-2: Strikes out swinging
Batting: RHB Dilan Pérez 0-0: Ball
1-0: DOUBLE (Line Drive, 89XD, EV 107.5 MPH)
Donald Vang to third
Batting: LHB Ronald Schumann 0-0: Ball
1-0: Called Strike
1-1: Swinging Strike
1-2: Foul Ball, location: 2F
1-2: Ball
2-2: Ground out 1-3 (Groundball, 34S, EV 76.2 MPH)
Top of the 6th over - 3 runs, 4 hits, 1 error, 2 left on base; New Orleans 8 - Inland Empire 6
BOTTOM OF THE 6TH
Inland Empire 66ers batting - Pitching for New Orleans Baby Cakes : RHP Len Walz
Now in CF: Ronald Schumann
Now in RF: Benny Garner
Batting: RHB Pedro Polanco 0-0: Ball
1-0: Ball
2-0: Swinging Strike
2-1: Swinging Strike
2-2: Strikes out looking
Batting: LHB Rico Aponte 0-0: Ball
1-0: Ball
2-0: Called Strike
2-1: Swinging Strike
2-2: Strikes out swinging
Batting: RHB Edison Torre 0-0: Called Strike
0-1: Ball
1-1: Ball
2-1: Foul Ball, location: 2F
2-2: Strikes out swinging
Bottom of the 6th over - 0 runs, 0 hits, 0 errors, 0 left on base; New Orleans 8 - Inland Empire 6
TOP OF THE 7TH
New Orleans Baby Cakes batting - Pitching for Inland Empire 66ers : LHP Wilson McGuinness
Batting: RHB Aaron Collins 0-0: Ground out 4-3 (Groundball, 4, EV 89.4 MPH)
Batting: SHB Thacher Baker 0-0: Called Strike
0-1: SINGLE (Groundball, 25, EV 62.5 MPH) (infield hit)
Batting: RHB Elmo Oxford 0-0: Called Strike
0-1: Swinging Strike
0-2: Strikes out swinging
Batting: LHB Benny Garner 0-0: Called Strike
Thacher Baker is caught stealing 2nd base 2-6
Top of the 7th over - 0 runs, 1 hit, 0 errors, 0 left on base; New Orleans 8 - Inland Empire 6
BOTTOM OF THE 7TH
Inland Empire 66ers batting - Pitching for New Orleans Baby Cakes : RHP Len Walz
Pitching: LHP Carlos Polanco
Batting: LHB Kerry Pietrzak 0-0: Fly out, F7 (Flyball, 7, EV 88.8 MPH)
Batting: SHB Ricky Larson 0-0: SOLO HOME RUN (Flyball, 78XD, EV 103.1 MPH), Distance : 402 ft
Batting: RHB Vernon Carter 0-0: Called Strike
0-1: Called Strike
0-2: Ball
1-2: Ball
2-2: Foul Ball, location: 2F
2-2: SINGLE (Flyball, 8LS, EV 93.1 MPH)
Batting: RHB Roderick Buckland 0-0: Ball
1-0: Called Strike
1-1: DOUBLE (Line Drive, 78D, EV 104.4 MPH)
Vernon Carter to third
Batting: RHB Alex Johnson 0-0: Called Strike
0-1: Ball
1-1: DOUBLE (Flyball, 78XD, EV 91.2 MPH)
Vernon Carter scores
Roderick Buckland scores
Pitching: RHP Jonathan Flesher
Batting: RHB Kyle Gehrke 0-0: Ball
1-0: Swinging Strike
1-1: Foul Ball, location: 2F
1-2: Ground out 6-3 (Groundball, 6, EV 114.4 MPH)
Batting: RHB Pedro Polanco 0-0: Ball
1-0: Foul Ball, location: 2F
1-1: Fly out, F8 (Flyball, 89M, EV 80.0 MPH)
Bottom of the 7th over - 3 runs, 4 hits, 0 errors, 1 left on base; New Orleans 8 - Inland Empire 9
TOP OF THE 8TH
New Orleans Baby Cakes batting - Pitching for Inland Empire 66ers : LHP Wilson McGuinness
Batting: LHB Benny Garner 0-0: Ball
1-0: Swinging Strike
1-1: Ground out 4-3 (Groundball, 4, EV 84.4 MPH)
Pitching: LHP Vincent Anderson
Batting: RHB Adam Wood 0-0: Called Strike
0-1: Foul Ball, location: 2F
0-2: SINGLE (Line Drive, 78M, EV 92.5 MPH)
Pinch Hitting: RHB Jorge Amocacci 0-0: Called Strike
0-1: SINGLE (Groundball, 23, EV 67.5 MPH) (infield hit)
Adam Wood to second
Batting: RHB Jeremy Campbell 0-0: Swinging Strike
0-1: Ball
Wild Pitch!
Adam Wood to third
Jorge Amocacci to second
1-1: Ball
2-1: Ground out 6-3 (Groundball, 6, EV 106.9 MPH)
Batting: RHB Dilan Pérez 0-0: Ball
1-0: Ball
2-0: Ball
3-0: Base on Balls
Batting: LHB Ronald Schumann 0-0: Ball
1-0: Fly out, F8 (Flyball, 89M, EV 85.6 MPH)
Top of the 8th over - 0 runs, 2 hits, 0 errors, 3 left on base; New Orleans 8 - Inland Empire 9
BOTTOM OF THE 8TH
Inland Empire 66ers batting - Pitching for New Orleans Baby Cakes : RHP Jonathan Flesher
Now at 1B: Jorge Amocacci
Now at 2B: Dilan Pérez
Now at 3B: Thacher Baker
Now at SS: Adam Wood
Batting: LHB Rico Aponte 0-0: Foul Ball, location: 2F
0-1: Ball
1-1: Ground out 4-3 (Groundball, 4, EV 85.6 MPH)
Batting: RHB Edison Torre 0-0: Foul Ball, location: 2F
0-1: Foul Ball, location: 2F
0-2: Fly out, F8 (Flyball, 89D, EV 90.6 MPH)
Batting: LHB Kerry Pietrzak 0-0: Called Strike
0-1: Swinging Strike
0-2: Ball
1-2: Ball
2-2: SOLO HOME RUN (Flyball, 9D, EV 96.9 MPH), Distance : 367 ft
Batting: SHB Ricky Larson 0-0: Ball
1-0: Ball
2-0: Ball
3-0: Called Strike
3-1: Fly out, F6 (Popup, 6MD, EV 75.0 MPH)
Bottom of the 8th over - 1 run, 1 hit, 0 errors, 0 left on base; New Orleans 8 - Inland Empire 10
TOP OF THE 9TH
New Orleans Baby Cakes batting - Pitching for Inland Empire 66ers : LHP Vincent Anderson
Pitching: RHP Alijah Saunders
Batting: RHB Aaron Collins 0-0: Ball
1-0: Ground out U3 (Groundball, 3L, EV 81.2 MPH)
Batting: SHB Thacher Baker 0-0: Swinging Strike
0-1: Foul Ball, location: 2F
0-2: Ball
1-2: Foul Ball, location: 2F
1-2: Foul Ball, location: 2F
1-2: Ground out 4-3 (Groundball, 34D, EV 83.8 MPH)
Pinch Hitting: LHB Zach Sakai 0-0: Swinging Strike
0-1: Foul Ball, location: 2F
0-2: Ball
1-2: Strikes out swinging
Top of the 9th over - 0 runs, 0 hits, 0 errors, 0 left on base; New Orleans 8 - Inland Empire 10
Monday, April 29th , 2024 - OOTP Baseball 24.11 Build 85